 Dungeon Crawl Stone Soup version 0.21.1-1-g345015f (webtiles) character file.

11819 Primozic the Cleaver (level 11, -2/97 HPs)
             Began as a Deep Dwarf Fighter on July 23, 2018.
             Was a Priest of Makhleb.
             Slain by Gastronok (22 damage)
             ... on level 11 of the Dungeon.
             The game lasted 01:10:07 (10974 turns).

Primozic the Cleaver (Deep Dwarf Fighter)          Turns: 10974, Time: 01:10:08

Health: -2/97      AC: 20    Str: 22    XL:     11   Next: 54%
Magic:  9/9        EV:  6    Int: 10    God:    Makhleb [***...]
Gold:   416        SH: 13    Dex: 12    Spells: 20/22 levels left

rFire    + . .     SeeInvis .   r - +4 war axe
rCold    . . .     Gourm    .   c - +0 shield
rNeg     + . .     Faith    .   E - +1 chain mail {rF+}
rPois    .         Spirit   .   w - +0 helmet
rElec    .         Reflect  +   q - +1 cloak
rCorr    .         Harm     .   K - +0 pair of gloves
MR       +....                  (no boots)
Stlth    ..........             O - +4 amulet of reflection
HPRegen  0.00/turn              F - ring of positive energy
MPRegen  0.11/turn              b - +3 ring of protection

@: non-regenerating
A: damage resistance, heal wounds, sense surroundings 2, no regeneration
a: Heal Wounds, Minor Destruction, Lesser Servant of Makhleb, Renounce Religion


You were on level 11 of the Dungeon.
You worshipped Makhleb.
Makhleb was most pleased with you.
You were not hungry.

You visited 2 branches of the dungeon, and saw 12 of its levels.

You collected 618 gold pieces.
You spent 202 gold pieces at shops.

Inventory:

Hand Weapons
 r - a +4 war axe (weapon)
 t - a cursed -1 flail
 u - a +0 flail of protection
 T - a cursed +1 morningstar
Missiles
 A - 7 throwing nets
 I - 4 steel tomahawks (quivered)
Armour
 c - a +0 shield (worn)
 q - a +1 cloak (worn)
 w - a +0 helmet (worn)
 E - a +1 chain mail of fire resistance (worn)
 K - a +0 pair of gloves (worn)
Jewellery
 b - a +3 ring of protection (right hand)
 l - an uncursed ring of resist corrosion
 F - a ring of positive energy (left hand)
 O - a +4 amulet of reflection (around neck)
 P - a +2 ring of evasion
Wands
 B - a wand of iceblast (10)
 D - a wand of polymorph (6)
 M - a wand of clouds (6)
 N - a wand of random effects (21)
 R - a wand of flame (30)
Scrolls
 h - 6 scrolls of remove curse
 s - a scroll of fear
 v - 3 scrolls of amnesia
 y - 2 scrolls of fog
 Q - 2 scrolls of blinking
 S - a scroll of holy word {unknown}
Potions
 d - a potion of might
 e - a potion of agility {unknown}
 f - 3 potions of haste
 g - 3 potions of brilliance {unknown}
 i - a potion of degeneration {unknown}
 j - 3 potions of heal wounds
 m - a potion of magic {unknown}
 n - 2 potions of lignification {unknown}
 o - a potion of invisibility
 p - a potion of curing {unknown}
 x - a potion of cancellation {unknown}
 C - 4 potions of flight {unknown}
 G - a potion of berserk rage {unknown}
 H - a potion of resistance {unknown}
 J - a potion of ambrosia {unknown}
 L - 3 potions of mutation
Books
 a - a book of Misfortune

   Spells                             Type                      Level
   a - Confusing Touch                Hexes                        1
   b - Confuse                        Hexes                        3
   c - Gell's Gravitas                Translocation                3
   d - Petrify                        Transmutation/Earth          4
   e - Metabolic Englaciation         Hexes/Ice                    5
   f - Yara's Violent Unravelling     Hexes/Transmutation          5
 z - a book of Minor Magic

   Spells                             Type                      Level
   a - Magic Dart                     Conjuration                  1
   b - Blink                          Translocation                2
   c - Call Imp                       Summoning                    2
   d - Slow                           Hexes                        2
   e - Conjure Flame                  Conjuration/Fire             3
   f - Mephitic Cloud                 Conjuration/Poison/Air       3
Comestibles
 k - 18 rations


   Skills:
 - Level 6.2 Fighting
 - Level 10.2 Axes
 - Level 0.1 Throwing
 - Level 8.8 Armour
 - Level 3.2 Shields
 - Level 6.0 Spellcasting
 + Level 8.1 Translocations
 - Level 7.1 Invocations
 - Level 7.0 Evocations


You had 20 spell levels left.
You knew the following spells:

 Your Spells              Type           Power        Failure   Level  Hunger
a - Blink                 Tloc           N/A          32%         2    ##.....


Dungeon Overview and Level Annotations

Branches:
Dungeon (11/15)            Temple (1/1) D:7            Lair (0/6) D:8
    Orc (0/2) D:11

Altars:
Ashenzari
Cheibriados
Dithmenos
Elyvilon
Fedhas
Gozag
Hepliaklqana
Kikubaaqudgha
Makhleb
Nemelex Xobeh
Okawaru
Qazlal
Ru
Sif Muna
Trog
Uskayaw
Vehumet
Wu Jian
Xom
Yredelemnul
Zin
The Shining One

Shops:
D:6 [   D:7 }

Annotations:
D:11 Gastronok


Innate Abilities, Weirdness & Mutations

You are resistant to damage.
You can heal yourself by infusing magical energy.
You passively map the area around you.
You do not regenerate.


Message History

The quokka's corpse disappears in a puff of smoke!
The bat completely misses you. You block the bat's attack.
You slash the bat!
You kill the bat!
The bat's corpse disappears in a puff of smoke!
You block the bat's attack. x2
Gastronok mumbles some strange words.
You feel sluggish.
You miss the bat. The bat hits you but does no damage.
You block the bat's attack.
You slash the bat!
You kill the bat!
The bat's corpse disappears in a puff of smoke!
Gastronok waves his eye-stalks in wide circles.
The air twists around and strikes you!
* * * LOW HITPOINT WARNING * * *
Found a staircase to the Orcish Mines.
Items here: ))) [ ††† Gastronok bites you!!
You die...

* #.# ,,* #.###
##.#######...#
#.......†....#
#..#######...#
,
##...##########
*
#......##>#...
#....#.##w.###
*
#.#....))@...#
*
#(#.##.###.#.#
#†#.##.# #.. ,
,* * #)#'##.#
###* *,* *,
#......# ,
##.....## ,
##.......## *
*, *
#.........#** ,
* , +.........+
, , ,,,,


You could see Gastronok.

Vanquished Creatures
  5 two-headed ogres
  A glowing orange brain (D:10)
  A komodo dragon (D:9)
  The ghost of wojtek the Chopper, an amateur MiFi of Makhleb (D:4)
  Prince Ribbit (D:7)
  A hippogriff (D:11)
  Sigmund (D:5)
  4 yaks (D:11)
  2 hungry ghosts (D:9)
  Menkaure (D:7)
  3 vampire mosquitoes (D:11)
  2 porcupines (D:8)
  2 ice beasts
  4 orc warriors
  2 black bears
  A necrophage (D:10)
  2 phantoms
  2 sky beasts
  3 ogres
  7 centaurs
  Blork the orc (D:4)
  8 bullfrogs
  4 big kobolds
  4 scorpions
  A water moccasin skeleton (D:10)
  3 killer bees (D:9)
  4 wights (D:10)
  5 howler monkeys
  2 crimson imps (D:7)
  4 jellies
  3 hounds
  9 orc priests
  A bullfrog skeleton (D:6)
  3 centaur skeletons
  Jessica (D:2)
  4 iguanas
  9 worker ants
  9 orc wizards
  A hound zombie (D:7)
  A howler monkey zombie (D:10)
  Robin (D:1)
  18 gnolls
  A howler monkey skeleton (D:4)
  A worker ant zombie (D:7)
  9 adders
  4 shadow imps
  An ooze (D:2)
  An adder skeleton (D:8)
  A worm (D:4)
  5 dart slugs
  2 leopard geckos
  50 orcs
  6 giant cockroaches
  17 goblins
  11 hobgoblins
  20 jackals
  2 quokkas
  2 ball pythons
  4 bats
  5 frilled lizards
  A jackal zombie (D:5)
  27 kobolds
  A leopard gecko zombie (D:5)
  2 quokka skeletons
  7 rats
  3 fungi (D:8)
  A plant (D:8)
326 creatures vanquished.

Notes
Turn   | Place    | Note
-------+----------+-------------------------------------------
     0 | D:1      | Primozic the Deep Dwarf Fighter began the quest for the Orb.
     0 | D:1      | Reached XP level 1. HP: 20/20 MP: 1/1
   107 | D:1      | Reached XP level 2. HP: 27/27 MP: 2/2
   393 | D:1      | Reached skill level 3 in Axes
  1754 | D:2      | Noticed Robin
  1760 | D:1      | Killed Robin
  1760 | D:1      | Reached XP level 3. HP: 27/34 MP: 3/3
  1930 | D:2      | Noticed Jessica
  1948 | D:2      | Reached skill level 4 in Axes
  1954 | D:2      | Killed Jessica
  1954 | D:2      | Reached XP level 4. HP: 26/42 MP: 4/4
  2056 | D:2      | Found a shattered altar of Ashenzari.
  2310 | D:2      | Reached skill level 5 in Axes
  2371 | D:2      | Reached XP level 5. HP: 45/49 MP: 5/5
  2666 | D:3      | Reached skill level 6 in Axes
  2804 | D:3      | Reached XP level 6. HP: 31/56 MP: 6/6
  3223 | D:3      | Found an ornate altar of the Wu Jian Council.
  3513 | D:4      | Noticed wojtek's ghost (amateur MiFi)
  3536 | D:4      | Killed wojtek's ghost
  3536 | D:4      | Reached skill level 7 in Axes
  3536 | D:4      | Reached XP level 7. HP: 34/63 MP: 6/6
  3699 | D:4      | Noticed Blork the orc
  3706 | D:4      | Killed Blork the orc
  3769 | D:4      | Reached skill level 5 in Fighting
  3819 | D:4      | Found a radiant altar of Vehumet.
  4418 | D:5      | Entered Level 5 of the Dungeon
  4513 | D:5      | Reached XP level 8. HP: 42/76 MP: 5/5
  4564 | D:5      | Identified a scroll of acquirement
  4673 | D:5      | Reached skill level 5 in Armour
  4767 | D:5      | Found a sacrificial altar of Ru.
  4803 | D:5      | Found a blossoming altar of Fedhas.
  4869 | D:5      | Noticed Sigmund
  4880 | D:5      | Killed Sigmund
  5323 | D:6      | Got a bone long sword
  5574 | D:6      | Found Yqikesih's Antique Armour Shop.
  5599 | D:6      | Gained mutation: You passively map the area around you. [Deep Dwarf growth]
  5599 | D:6      | Reached XP level 9. HP: 32/82 MP: 6/6
  5611 | D:6      | Reached skill level 8 in Axes
  5674 | D:6      | Bought a glowing chain mail for 202 gold pieces
  6406 | D:6      | Reached skill level 9 in Axes
  7036 | D:7      | Noticed Menkaure
  7045 | D:7      | Killed Menkaure
  7133 | D:7      | Found Dusywn's Gadget Shop.
  7160 | D:7      | Found a staircase to the Ecumenical Temple.
  7160 | D:7      | Noticed Prince Ribbit
  7222 | Temple   | Entered the Ecumenical Temple
  7372 | Temple   | Became a worshipper of Makhleb the Destroyer
  7451 | D:7      | Reached skill level 10 in Axes
  7634 | D:7      | Killed Prince Ribbit
  7634 | D:7      | Reached skill level 1 in Evocations
  7786 | D:8      | Found a deep blue altar of Sif Muna.
  7798 | D:8      | Reached skill level 5 in Invocations
  7968 | D:8      | Found a staircase to the Lair.
  8047 | D:8      | Reached XP level 10. HP: 37/91 MP: 6/8
  8143 | D:8      | Found a shattered altar of Ashenzari.
  8160 | D:8      | Reached * piety under Makhleb
  8699 | D:9      | Noticed a two-headed ogre
  8713 | D:9      | Killed a two-headed ogre
  8934 | D:9      | Learned a level 2 spell: Blink
  8964 | D:9      | Noticed a two-headed ogre
  8972 | D:9      | Reached skill level 1 in Translocations
  8980 | D:9      | Killed a two-headed ogre
  8987 | D:9      | Found a white marble altar of Elyvilon.
  9195 | D:10     | Entered Level 10 of the Dungeon
  9247 | D:9      | Reached skill level 5 in Translocations
  9287 | D:10     | Noticed a glowing orange brain
  9307 | D:10     | Killed a glowing orange brain
  9312 | D:10     | Noticed a two-headed ogre
  9360 | D:9      | Reached ** piety under Makhleb
  9366 | D:9      | Reached skill level 1 in Spellcasting
  9371 | D:9      | Killed a two-headed ogre
  9371 | D:9      | Reached XP level 11. HP: 39/97 MP: 7/7
 10503 | D:11     | Noticed a two-headed ogre
 10524 | D:11     | Killed a two-headed ogre
 10613 | D:11     | Noticed a two-headed ogre
 10642 | D:11     | Killed a two-headed ogre
 10642 | D:11     | Reached skill level 5 in Spellcasting
 10909 | D:11     | Reached *** piety under Makhleb
 10936 | D:11     | Noticed Gastronok
 10973 | D:11     | Found a staircase to the Orcish Mines.
 10974 | D:11     | Slain by Gastronok

Skill      XL: |  1  2  3  4  5  6  7  8  9 10 11 |
---------------+----------------------------------+-----
Fighting       | 3 6 |  6.2
Axes           | 3 4 5 6 7 10 | 10.2
Armour         | 8 |  8.8
Invocations    | 6 7 |  7.1
Evocations     | 2 7 |  7.0
Translocations | 7 8 |  8.1
Spellcasting   | 2 6 |  6.0
Throwing       | |  0.1
Shields        | |  3.2

Action                   |  1- 3 |  4- 6 |  7- 9 | 10-12 || total
-------------------------+-------+-------+-------+-------++-------
Melee: War axe           |   101 |   190 |   507 |   403 ||  1201
Throw: Tomahawk          |       |       |    11 |     7 ||    18
 Abil: Heal Wounds       |       |     7 |    14 |    13 ||    34
Evoke: Wand              |       |       |     3 |       ||     3
  Use: Scroll            |       |     8 |     6 |     4 ||    18
       Potion            |       |       |     2 |     1 ||     3
  Eat: Ration            |     1 |       |     1 |     2 ||     4
       Chunk             |       |     5 |    14 |     5 ||    24
Armor: Scale mail        |    56 |    66 |   113 |       ||   235
       Chain mail        |       |       |   101 |   179 ||   280
Dodge: Dodged            |    43 |    57 |   110 |    85 ||   295
Block: Shield            |    76 |   118 |   276 |   295 ||   765
       Reflection        |       |       |    20 |    20 ||    40
